 Dungeon Crawl Stone Soup version 0.27-a0-67-g4bfc8a49e1 (webtiles) character file.

Game seed: 6205745688198276266

64 Borgoz the Cudgeller (level 4, -2/27 HPs)
             Began as a Gargoyle Gladiator on Jan 9, 2021.
             Slain by Terence
             ... wielding a +0 flail
              (7 damage)
             ... on level 2 of the Dungeon.
             The game lasted 00:01:05 (1424 turns).

Borgoz the Cudgeller (Gargoyle Gladiator)           Turns: 1424, Time: 00:01:06

Health: -2/27      AC:  7    Str: 17    XL:     4   Next: 12%
Magic:  4/4        EV: 12    Int:  9    God:
Gold:   123        SH:  0    Dex: 12    Spells: 3/3 levels left

rFire    . . .     SeeInvis .   a - +0 flail
rCold    . . .     Faith    .   (no shield)
rNeg     + . .     Spirit   .   b - +0 leather armour
rPois    ∞         Reflect  .   c - +0 helmet
rElec    +         Harm     .   (no cloak)
rCorr    .         Rampage  .   (no gloves)
Will     .....                  (no boots)
Stlth    +.........             (no amulet)
HPRegen  0.09/turn              (no ring)
MPRegen  0.09/turn              (no ring)

@: no status effects
A: negative energy resistance 1, electricity resistance, unbreathing,
petrification resistance, miasma immunity, AC +3
a: no special abilities


You were on level 2 of the Dungeon.
You visited 1 branch of the dungeon, and saw 2 of its levels.

You collected 123 gold pieces.

Inventory:

Hand Weapons
 a - a +0 flail (weapon)
Missiles
 d - a throwing net (quivered)
Armour
 b - a +0 leather armour (worn)
 c - a +0 helmet (worn)
Jewellery
 j - an uncursed ring of fire
Scrolls
 e - a scroll of enchant armour {unknown}
 g - 3 scrolls of amnesia {unknown}
 h - a scroll of fog {unknown}
 k - a scroll of magic mapping {unknown}
 m - a scroll of random uselessness {unknown}
Potions
 f - a potion of might {unknown}
 i - a potion of haste {unknown}
 l - a potion of curing {unknown}


   Skills:
 + Level 2.8 Fighting
 * Level 3.8 Maces & Flails
 - Level 1.7 Throwing
 + Level 1.5 Armour
 + Level 2.8 Dodging


You had 3 spell levels left.
You didn't know any spells.
Your spell library was empty.

Dungeon Overview and Level Annotations

Branches:
Dungeon (2/15)

Altars:

Annotations:
D:2 Terence


Innate Abilities, Weirdness & Mutations

You are resistant to torment.
Your stone body is resilient. (AC +3)
You are immune to poison.
You resist negative energy. (rN+)
You are resistant to electric shocks. (rElec)
You can survive without breathing.
You are immune to petrification.
You are immune to miasma.


Message History

Terence struggles against the net. x2
You hit Terence.
Terence is severely wounded.
Terence struggles against the net.
The net rips apart, and Terence comes free!
Terence hits you but does no damage.
You closely miss Terence.
Terence is severely wounded.
Terence closely misses you. Terence hits you with a +0 flail.
You hit Terence.
Terence is almost dead.
Terence closely misses you.
You hit Terence but do no damage.
Terence is almost dead.
Terence misses you. Terence hits you with a +0 flail!
* * * LOW HITPOINT WARNING * * *
You hit Terence but do no damage.
Terence is almost dead.
Terence hits you with a +0 flail!
You die...

#.##......### #
#........## # #.
#.#......# # +.. ###
##.#......# #
##...##.###..##...### #
#............##...# #
#....##.###..##....# #
.#......##...+....+..
......#@....###...>#....
......#@....# #....
##... ..<.#.# #....
....#.......# ....
##........#.# #...
#......###.# #######.##
.####.# # .......... #.
.(# ######.## ######.#


You could see Terence (berserk).

Vanquished Creatures
  An adder (D:2)
  2 oozes (D:1)
  3 dart slugs (D:1)
  A leopard gecko (D:1)
  3 giant cockroaches (D:1)
  3 hobgoblins
  10 jackals
  4 bats (D:1)
  A frilled lizard (D:1)
  2 goblins (D:1)
  5 kobolds
  2 rats (D:1)
37 creatures vanquished.

Notes
Turn   | Place    | Note
-------+----------+-------------------------------------------
     0 | D:1      | Borgoz the Gargoyle Gladiator began the quest for the Orb.
     0 | D:1      | Reached XP level 1. HP: 12/12 MP: 1/1
   182 | D:1      | Reached XP level 2. HP: 14/18 MP: 2/2
   378 | D:1      | Reached skill level 1 in Armour
   395 | D:1      | Reached XP level 3. HP: 12/22 MP: 3/3
  1296 | D:2      | Reached XP level 4. HP: 26/27 MP: 4/4
  1406 | D:2      | Noticed Terence
  1424 | D:2      | Slain by Terence

Illustrated notes

Levels and vault maps discovered:
D:1:      sevenhm_arrival_forest_fort_small_6, layout_basic,
          chequers_mini_garden, minmay_unequal
D:2:      layout_basic, uniq_terence

Skill      XL: |  1  2 |
---------------+-------+-----
Armour         | 1 |  1.5
Fighting       | |  2.8
Maces & Flails | |  3.8
Throwing       | |  1.7
Dodging        | |  2.8

Action                   |  1- 3 |  4- 6 || total
-------------------------+-------+-------++-------
Melee: Flail             |   110 |    28 ||   138
Throw: Throwing net      |       |     2 ||     2
 Stab: Held in net/web   |       |     1 ||     1
Armor: Leather armour    |    85 |     7 ||    92
Dodge: Dodged            |   119 |    21 ||   140

Table legend: (Time is in decaauts)
 A = Elapsed time spent in this place.
 B = Non-inter-level travel time spent in this place.
 C = Inter-level travel time spent in this place.
 D = Time resting spent in this place.
 E = Time spent auto-exploring this place.
 F = Levels seen in this place.
 G = Mean time per level.
                   A        B        C        D        E       F      G
               +--------+--------+--------+--------+--------+-----+--------+
         Total |   1454 |   1448 |      6 |    121 |   1074 |   2 |  727.0 |
       Dungeon |   1454 |   1448 |      6 |    121 |   1074 |   2 |  727.0 |
               +--------+--------+--------+--------+--------+-----+--------+

Top non-repeatable levels by time:
     D:1: 1268 daAuts
     D:2: 185 daAuts
